 Dungeon Crawl Stone Soup version 0.27-a0-1579-g97d2440184 (webtiles) character file.

Game seed: 8342693353675389611

2244 Sweetruy1997 the Cutter (level 9, -4/71 HPs)
             Began as a Hill Orc Monk on July 15, 2021.
             Was a Priest of Beogh.
             Shot with an arrow by a centaur (10 damage)
             ... on level 7 of the Dungeon on July 18, 2021.
             The game lasted 00:27:06 (8457 turns).

Sweetruy1997 the Cutter (Hill Orc Monk)             Turns: 8457, Time: 00:27:06

Health: -4/71      AC:  7    Str: 14    XL:     9   Next: 37%
Magic:  14/14      EV: 13    Int: 10    God:    Beogh [***...]
Gold:   155        SH:  0    Dex: 16    Spells: 10/15 levels left

rFire    + + .     SeeInvis .   h - +2 dagger (venom)
rCold    x . .     Faith    .   (no shield)
rNeg     . . .     Spirit   .   m - +1 robe {Will+}
rPois    .         Reflect  .   (no helmet)
rElec    .         Harm     .   p - +2 cloak
rCorr    .         Rampage  .   (no gloves)
Will     +....                  u - +0 pair of boots
Stlth    +++.......             (no amulet)
HPRegen  0.21/turn              i - ring of protection from fire
MPRegen  0.14/turn              y - ring of fire

@: no status effects
A: no striking features
a: Renounce Religion, Smiting


You were on level 7 of the Dungeon.
You worshipped Beogh.
Beogh was most pleased with you.
You visited 1 branch of the dungeon, and saw 9 of its levels.
You also visited: Sewer.

You collected 502 gold pieces.
You spent 347 gold pieces at shops.

Inventory:

Hand Weapons
 h - a +2 dagger of venom (weapon)
Missiles
 a - 13 boomerangs (quivered)
Armour
 m - a +1 robe of willpower (worn)
 p - a +2 cloak (worn)
 u - a +0 pair of boots (worn)
 w - the +1 robe of Mato {rF+}
   (You found it in a sewer)

   rF:        It protects you from fire.
Jewellery
 i - a ring of protection from fire (left hand)
 y - a ring of fire (right hand)
Wands
 j - a wand of acid (3)
 s - a wand of polymorph (14)
 z - a wand of iceblast (7)
 A - a wand of charming (4)
 B - a wand of flame (17)
Scrolls
 b - a scroll of magic mapping
 c - 5 scrolls of teleportation
 d - 3 scrolls of fear
 e - 3 scrolls of fog
 g - a scroll of noise {unknown}
 k - a scroll of immolation {unknown}
 l - a scroll of blinking {unknown}
 r - a scroll of enchant armour {unknown}
 t - a scroll of torment {unknown}
 x - a scroll of holy word
 C - a scroll of silence {unknown}
 D - a scroll of acquirement {unknown}
Potions
 f - 6 potions of flight
 n - 2 potions of invisibility {unknown}
 q - a potion of resistance {unknown}
 v - 4 potions of curing


   Skills:
 - Level 4.0 Fighting
 + Level 6.4 Short Blades
 - Level 4.3 Axes
 - Level 3.0 Throwing
 - Level 3.0 Dodging
 - Level 4.0 Stealth
 + Level 3.5 Spellcasting
 + Level 4.2 Hexes
 + Level 2.0 Summonings
 + Level 0.2 Translocations
 + Level 2.8 Ice Magic
 + Level 1.5 Evocations


You had 10 spell levels left.
You knew the following spells:

 Your Spells              Type           Power      Damage    Failure   Level
a - Ensorcelled Hibernat  Hex/Ice        16%        N/A       10%         2
b - Apportation           Tloc           4%         N/A       24%         1
c - Corona                Hex            11%        N/A       4%          1
d - Summon Small Mammal   Summ           20%        N/A       12%         1

Your spell library contained the following spells:

 Spells                   Type           Power      Damage    Failure   Level
 Tukima's Dance           Hex            10%        N/A       14%         3
 Animate Skeleton         Necr           2%         N/A       26%         1
 Spider Form              Tmut/Pois      0%         N/A       63%         3
 Shadow Creatures         Summ           N/A        N/A       100%        6


Dungeon Overview and Level Annotations

Branches:
Dungeon (9/15)              Sewer (visited)
 Temple: D:4-7         Lair: D:8-11         Orc: D:9-12

Altars:
Ashenzari
Dithmenos
Gozag
Qazlal
Trog

Shops:
D:1 *   D:6 *

Annotations:
D:6 1 runed translucent door, Lobster4's ghost, novice GnWn
D:8 2 runed translucent doors


Message History

You hit the wyvern zombie but do no damage.
The wyvern zombie is moderately damaged.
The wyvern zombie bites you!
You barely miss the wyvern zombie.
The wyvern zombie is moderately damaged.
The wyvern zombie completely misses you.
You hit the wyvern zombie but do no damage.
The wyvern zombie is moderately damaged.
The wyvern zombie closely misses you.
You completely miss the wyvern zombie.
The wyvern zombie is moderately damaged.
The centaur shouts!
The centaur wields a +0 shortbow.
The centaur shoots an arrow.
The arrow hits you!
The wyvern zombie bites you but does no damage.
You hit the wyvern zombie.
The wyvern zombie is moderately damaged.
An iguana comes into view.
The centaur shoots an arrow.
The arrow completely misses you.
The iguana hisses angrily.
You hit the wyvern zombie.
The wyvern zombie is heavily damaged.
The wyvern zombie bites you but does no damage.
The centaur shoots an arrow.
The arrow barely misses you.
You hit the wyvern zombie.
The wyvern zombie is heavily damaged.
The wyvern zombie bites you!
You hit the wyvern zombie.
The wyvern zombie is heavily damaged.
A water moccasin skeleton comes into view.
The wyvern zombie bites you.
The centaur shoots an arrow.
The arrow closely misses you.
You hit the wyvern zombie.
The wyvern zombie is heavily damaged.
The centaur shoots an arrow.
The arrow hits you.
* * * LOW HITPOINT WARNING * * *
The wyvern zombie bites you!
* * * LOW HITPOINT WARNING * * *
The centaur shoots an arrow.
The arrow hits you!
You die...

#. ... #. #c.#.
#. ......
######. ..l...
....... ......
#......##../Z
#......Z..#
#.........#
#......@..+
#.........#
#.........#
##.......###
.........#
########.#
#...#
#...##....(...#
#...##........#


You could see a centaur, an iguana and a wyvern zombie.

Vanquished Creatures
  Pikel (D:5)
  Sigmund (D:5)
  A wyvern (D:6)
  An ice beast (D:6)
  3 ogres
  A sky beast (D:6)
  A necrophage (D:5)
  Blork the orc (D:5)
  4 scorpions (D:5)
  A water moccasin zombie (D:5)
  A bullfrog skeleton (D:6)
  3 hounds
  A bullfrog zombie (D:5)
  An orc priest (D:5)
  Crazy Yiuf (D:5)
  2 centaur skeletons (D:6)
  Jessica (D:3)
  An iguana (D:3)
  An orc wizard (D:4)
  A merfolk siren (Sewer)
  A scorpion zombie (D:5)
  A merfolk avatar (Sewer)
  A hound zombie (D:5)
  2 howler monkey skeletons
  6 adders
  2 river rats (D:6)
  2 white imps (D:6)
  An ufetubus (D:4)
  A worm (D:2)
  2 dart slugs
  8 orcs
  7 endoplasms
  6 giant cockroaches
  8 goblins
  9 hobgoblins
  6 kobolds
  2 quokkas
  13 ball pythons
  A bat (D:1)
  5 frilled lizards
  32 rats
144 creatures vanquished.

Vanquished Creatures (others)
  An orc (D:4)
  13 plants (D:6)
  2 withered plants (D:6)
16 creatures vanquished.

Grand Total: 160 creatures vanquished

Notes
Turn   | Place    | Note
-------+----------+-------------------------------------------
     0 | D:1      | Sweetruy1997 the Hill Orc Monk began the quest for the Orb.
     0 | D:1      | Reached XP level 1. HP: 19/19 MP: 1/1
   252 | D:1      | Found Pelaj's General Store.
   258 | D:1      | Reached XP level 2. HP: 23/27 MP: 2/2
   447 | D:1      | Upgraded the game from 0.27-a0-1557-g57f10a385c to
                  | 0.27-a0-1565-gad902ab807
   456 | D:1      | Found a faded altar of an unknown god.
   883 | D:2      | Reached XP level 3. HP: 33/33 MP: 3/3
  1137 | D:2      | Learned a level 2 spell: Ensorcelled Hibernation
  1208 | D:2      | Found an opulent altar of Gozag.
  1906 | D:3      | Reached XP level 4. HP: 40/40 MP: 4/4
  1997 | D:3      | Reached skill level 1 in Short Blades
  2474 | D:3      | Reached skill level 1 in Throwing
  2575 | D:3      | Noticed Jessica
  2595 | D:3      | Reached XP level 5. HP: 5/46 MP: 5/5
  2893 | D:3      | Killed Jessica
  2894 | D:3      | Reached skill level 2 in Short Blades
  3213 | D:4      | Became a worshipper of Beogh the Brigand
  3213 | D:4      | Reached * piety under Beogh
  3213 | D:4      | Reached ** piety under Beogh
  3644 | D:4      | Found a broken altar of Ashenzari.
  3780 | D:1      | Upgraded the game from 0.27-a0-1565-gad902ab807 to
                  | 0.27-a0-1579-g97d2440184
  3780 | D:1      | Bought a scroll of magic mapping for 42 gold pieces
  3780 | D:1      | Bought a scroll of magic mapping for 42 gold pieces
  3780 | D:1      | Bought a scroll of fear for 42 gold pieces
  3868 | D:5      | Entered Level 5 of the Dungeon
  3891 | D:4      | Reached XP level 6. HP: 27/52 MP: 2/6
  4130 | D:5      | Found a shadowy altar of Dithmenos.
  4163 | D:5      | Noticed Blork the orc
  4181 | D:5      | Killed Blork the orc
  4483 | D:5      | Learned a level 1 spell: Apportation
  4485 | D:5      | Learned a level 1 spell: Corona
  4487 | D:5      | Learned a level 1 spell: Summon Small Mammal
  4535 | D:5      | Reached skill level 1 in Hexes
  4535 | D:5      | Reached XP level 7. HP: 39/59 MP: 7/7
  4733 | D:5      | Reached skill level 3 in Short Blades
  4779 | D:5      | Reached skill level 1 in Ice Magic
  4826 | D:5      | Found a runed translucent door.
  4827 | D:5      | Noticed Crazy Yiuf
  4874 | D:5      | Reached skill level 1 in Spellcasting
  4908 | D:5      | Reached skill level 4 in Short Blades
  5000 | D:5      | Noticed Pikel
  5012 | D:5      | Killed Pikel
  5013 | D:5      | Reached skill level 5 in Short Blades
  5013 | D:5      | Reached skill level 1 in Summonings
  5013 | D:5      | Reached XP level 8. HP: 12/66 MP: 6/11
  5596 | D:5      | Noticed Sigmund
  5620 | D:5      | Killed Sigmund
  5825 | D:5      | Killed Crazy Yiuf
  5923 | D:6      | Found a bloodstained altar of Trog.
  5939 | D:6      | Found Lomat's Gadget Gallery.
  5955 | D:6      | Reached skill level 1 in Evocations
  6001 | D:6      | You fall into a shaft and drop 3 floors!
  6016 | D:9      | Noticed a vampire
  6125 | D:8      | Found a large runed translucent door.
  6126 | D:8      | Found a large runed translucent door.
  6160 | D:8      | Found a stormy altar of Qazlal.
  6220 | D:6      | Reached XP level 9. HP: 71/71 MP: 13/13
  6259 | D:6      | Found a glowing drain.
  6270 | Sewer    | Entered a sewer
  6475 | Sewer    | Reached *** piety under Beogh
  6895 | Sewer    | Identified the +1 robe of Mato {rF+}
  7163 | D:6      | Bought a wand of iceblast (7) for 143 gold pieces
  7163 | D:6      | Bought a wand of charming (4) for 78 gold pieces
  7219 | D:6      | Reached skill level 6 in Short Blades
  7294 | D:6      | Identified the +9 hunting sling of the Assorted Nights
                  | {venom, Int+4 Dex-2}
  8158 | D:6      | Found a runed translucent door.
  8158 | D:6      | Noticed Lobster4's ghost (novice GnWn)
  8457 | D:7      | Shot with an arrow by a centaur

Illustrated notes

Levels and vault maps discovered:
D:1:      scummos_arrival_gate, layout_basic, basic_ecumenical_altar,
          serial_shops, shop, glass_columns_b, chequers_mini_garden
D:2:      layout_basic, basic_altar
D:3:      layout_loops_corners, uniq_jessica
D:4:      layout_basic, lemuel_coloured_pillars_altar
D:5:      cheibrodos_helix_gallery, layout_rooms, grunt_dithmenos_smoke,
          uniq_crazy_yiuf_cottage, uniq_sigmund, uniq_blork_the_orc, uniq_pikel
D:6:      cheibrodos_iron_armory, layout_loops_ring,
          mainiacjoe_overflow_cross_hatched, gammafunk_ghost_grave,
          portal_sewer_entry_b, corexii_hall_statues_x, nicolae_shop_gadgets
D:7:      layout_basic, minmay_temple_entry_drinking_statues,
          gammafunk_ghost_necromancy
D:8:      layout_basic, grunt_qazlal_clouds, jmf_multi_god_temple2,
          serial_glass, glass_columns_b, glass_columns_a, hex_medium
D:9:      layout_stronghold, overflow_temple_1_default, serial_column_ruins,
          column_ruins_circle_medium, column_ruins_square_medium,
          column_ruins_grid_1, column_ruins_open_tiny_water,
          column_ruins_columns_straight, column_ruins_open_tiny,
          serial_park_tiny_2

Skill      XL: |  1  2  3  4  5  6  7  8  9 |
---------------+----------------------------+-----
Fighting       | 4 |  4.0
Dodging        | 3 |  3.0
Stealth        | 2 3 4 |  4.0
Short Blades   | 1 2 5 6 |  6.4
Throwing       | 1 2 3 |  3.0
Hexes          | 1 3 4 |  4.2
Ice Magic      | 1 2 |  2.8
Spellcasting   | 2 3 |  3.5
Summonings     | 1 2 |  2.0
Evocations     | 1 |  1.5
Axes           | |  4.3
Translocations | |  0.2

Action                   |  1- 3 |  4- 6 |  7- 9 || total
-------------------------+-------+-------+-------++-------
Melee: Hand axe          |    39 |       |       ||    39
       Dagger            |    43 |   103 |   281 ||   427
Throw: Boomerang         |    10 |    62 |     5 ||    77
 Cast: Ensorcelled Hiber |     1 |     5 |    22 ||    28
       Summon Small Mamm |       |     1 |     3 ||     4
       Apportation       |       |     1 |       ||     1
       Corona            |       |       |     5 ||     5
Invok: Convert to Beogh  |       |     1 |       ||     1
Evoke: Wand              |       |     1 |     5 ||     6
  Use: Scroll            |       |     5 |     6 ||    11
 Stab: Sleeping          |     7 |     3 |    18 ||    28
Armor: Robe              |    12 |    17 |    79 ||   108
Dodge: Dodged            |    51 |    49 |   166 ||   266

Table legend: (Time is in decaauts)
 A = Elapsed time spent in this place.
 B = Non-inter-level travel time spent in this place.
 C = Inter-level travel time spent in this place.
 D = Time resting spent in this place.
 E = Time spent auto-exploring this place.
 F = Levels seen in this place.
 G = Mean time per level.
                   A        B        C        D        E       F      G
               +--------+--------+--------+--------+--------+-----+--------+
         Total |   8444 |   8041 |    403 |   2723 |   3658 |  10 |  844.4 |
       Dungeon |   7680 |   7277 |    403 |   2401 |   3493 |   9 |  853.3 |
         Sewer |    763 |    763 |      0 |    322 |    165 |   1 |  763.0 |
               +--------+--------+--------+--------+--------+-----+--------+

Top non-repeatable levels by time:
     D:5: 1543 daAuts
     D:3: 1458 daAuts
     D:6: 1411 daAuts
     D:4: 1171 daAuts
     D:2: 901 daAuts
     D:1: 829 daAuts
   Sewer: 763 daAuts
     D:7: 187 daAuts
     D:8: 121 daAuts
     D:9: 54 daAuts
